 Dungeon Crawl Stone Soup version 0.19-a0-1207-g69d5fc3 (webtiles) character file.

8 PurpleRed the Magician (level 2, -2/15 HPs)
             Began as a Deep Elf Fire Elementalist on Aug 21, 2016.
             Killed from afar by Sigmund (5 damage)
             ... with a magic dart
             ... on level 3 of the Dungeon.
             The game lasted 00:03:05 (364 turns).

PurpleRed the Magician (Deep Elf Fire Elementalist)  Turns: 364, Time: 00:03:06

Health: -2/15      AC:  2    Str:  5    XL:     2   Next: 0%
Magic:  2/8        EV: 13    Int: 19    God:
Gold:   14         SH:  0    Dex: 15    Spells: 2 memorised, 4 levels left

rFire  . . .     SeeInvis .     j - +0 hunting sling
rCold  . . .     Gourm    .     a - +0 robe
rNeg   . . .     Faith    .     (no shield)
rPois  .         Spirit   .     (no helmet)
rElec  .         Dismiss  .     (no cloak)
rCorr  .         Reflect  .     (no gloves)
MR     +....     Harm     .     (no boots)
Stlth  ++........               (no amulet)
                                (no ring)
                                d - ring of protection from magic

@: very slightly contaminated
A: no striking features
a: no special abilities


You were on level 3 of the Dungeon.
You were not hungry.

You visited 1 branch of the dungeon, and saw 3 of its levels.

You collected 14 gold pieces.

Inventory:

Hand Weapons
 f - a +0 short sword
 j - a +0 hunting sling (weapon)
Missiles
 e - 22 bolts
 k - 26 stones (quivered)
Armour
 a - a +0 robe (worn)
Jewellery
 d - a ring of protection from magic (left hand)
Scrolls
 g - a scroll of noise {unknown}
 h - a scroll of recharging {unknown}
 i - a scroll of random uselessness {unknown}
 l - a scroll of identify {unknown}
Potions
 m - a potion of curing {unknown}
Books
 b - a book of Flames

   Spells                             Type                      Level
   a - Flame Tongue                   Conjuration/Fire             1
   b - Throw Flame                    Conjuration/Fire             2
   c - Conjure Flame                  Conjuration/Fire             3
   d - Inner Flame                    Hexes/Fire                   3
   e - Sticky Flame                   Conjuration/Fire             4
   f - Fireball                       Conjuration/Fire             5
Comestibles
 c - a bread ration


   Skills:
 - Level 2.4 Dodging
 - Level 2.4 Stealth
 + Level 3.4 Spellcasting
 * Level 1.8 Conjurations
 - Level 3.2 Fire Magic


You had 4 spell levels left.
You knew the following spells:

 Your Spells              Type           Power        Failure   Level  Hunger
a - Flame Tongue          Conj/Fire      ##...        8%          1    None
b - Throw Flame           Conj/Fire      ##....       10%         2    ##.....


Dungeon Overview and Level Annotations

Branches:
Dungeon (3/15)

Altars:
The Shining One

Annotations:
D:3 Sigmund


Message History

Aiming: Flame Tongue
Press: ? - help, Shift-Dir - straight line, f/p - Sigmund
Aim: Sigmund, wielding a scythe and wearing an embroidered robe (lightly wounded)
The flame tongue hits Sigmund.
Sigmund is moderately wounded.
Sigmund says, "I'm your fate." Sigmund closely misses you.
Casting: Flame Tongue
Confirm with . or Enter, or press ? or * to list all spells.
Aiming: Flame Tongue
Press: ? - help, Shift-Dir - straight line, f/p - Sigmund
Aim: Sigmund, wielding a scythe and wearing an embroidered robe (moderately wounded)
The flame tongue misses Sigmund.
Sigmund says, "You will soon forget everything."
You hear the slow rusting of a very distant drain.
Sigmund casts a spell at you. You resist with almost no effort.
Sigmund points at you and mumbles some strange words.
The magic dart hits you!
You die...

#.#.# #..... #.#.# #.....
#.#.# #..... #.#.# #.... #.#.
#.... #############.# #....#
#.............# +....'
####.################ #....#
#............@...@..# #####
####.###.####..###..##########
#......#.# #..#..............
##.#.#.#.# #..#.##.##########
#.#.#.#.# #..#. #.# # #.#.#.#
#..# #.# #.#.#.####..# ..#
#.#...(.....# ### #
#.###.####.###


You could see Sigmund.

Vanquished Creatures
  A ball python (D:1)
  A giant cockroach (D:1)
  2 goblins
  2 kobolds (D:1)
  2 rats (D:1)
8 creatures vanquished.

Notes
Turn   | Place    | Note
-------+----------+-------------------------------------------
     0 | D:1      | PurpleRed the Deep Elf Fire Elementalist began the quest for the Orb.
     0 | D:1      | Reached XP level 1. HP: 10/10 MP: 6/6
   198 | D:2      | Found a glowing golden altar of the Shining One.
   209 | D:3      | Reached XP level 2. HP: 15/15 MP: 5/8
   213 | D:3      | Learned a level 2 spell: Throw Flame
   335 | D:3      | Noticed Sigmund
   364 | D:3      | Killed from afar by Sigmund

Vault maps used:
D:1:      minmay_arrival_pointy
D:2:      tso_metal_star, evilmike_ruin_ashenzari, lightli_temple_of_fire,
          first_bread
D:3:      gup_sewer_entry_bowl, uniq_sigmund

Action                   || total
-------------------------++-------
Melee: Unarmed           ||     1
 Cast: Flame Tongue      ||    19
       Throw Flame       ||     1
Armor: Robe              ||     3
Dodge: Dodged            ||     6
